 Dungeon Crawl Stone Soup version 0.24-a0-462-ge24419a6ad (webtiles) character file.

Game seed: 10356002945089124672

15680 maggai the Carver (level 12, -3/139 HPs)
             Began as a Human Berserker on July 2, 2019.
             Was an Elder of Trog.
             Killed from afar by a fire dragon (30 damage)
             ... with a blast of flame
             ... on level 11 of the Dungeon.
             The game lasted 01:56:14 (15466 turns).

maggai the Carver (Human Berserker)                Turns: 15466, Time: 01:56:14

Health: -3/139     AC: 19    Str: 29    XL:     12   Next: 60%
Magic:  12/12      EV: 11    Int:  7    God:    Trog [****..]
Gold:   688        SH:  0    Dex: 18    Spells: 11/11 levels left

rFire    . . .     SeeInvis .   E - +2 falchion (flame)
rCold    . . .     Gourm    .   (no shield)
rNeg     . . .     Faith    .   m - +0 plate armour {MR+}
rPois    +         Spirit   .   (no helmet)
rElec    .         Reflect  .   s - +0 cloak
rCorr    .         Harm     +   w - +1 pair of gloves
MR       +++..                  f - +0 pair of boots
Stlth    ..........             a - amulet of harm
HPRegen  1.33/turn              P - ring of poison resistance
MPRegen  0.13/turn              t - +6 ring of strength

@: berserking, regenerating, drained, very quick
A: no striking features
a: Berserk, Trog's Hand, Brothers in Arms, Renounce Religion


You were on level 11 of the Dungeon.
You worshipped Trog.
Trog was greatly pleased with you.
You were not hungry.

You visited 1 branch of the dungeon, and saw 11 of its levels.

You collected 758 gold pieces.
You spent 70 gold pieces at shops.

Inventory:

Hand Weapons
 b - the +1 morningstar "Zapt" {crush, rPois Dex+4}
   (You took it off an orc warrior on level 11 of the Dungeon)

   It inflicts extra damage upon your enemies.
   It affects your dexterity (+4).
   It protects you from poison.
 l - the +8 shortbow "Fuxaumen" {velocity, rF+ MR+ Str-4 Int+3}
   (You took it off an orc warrior on level 11 of the Dungeon)

   Any arrow fired from it inflicts extra damage.
   It affects your strength (-4).
   It affects your intelligence (+3).
   It protects you from fire.
   It affects your resistance to hostile enchantments.
 E - a +2 falchion of flaming (weapon)
 I - a +3 mace of holy wrath
 T - a +0 whip of freezing
Missiles
 n - 13 poisoned darts
 p - 273 stones (quivered)
 C - 9 boomerangs
 U - 5 javelins
 Z - 2 throwing nets
Armour
 f - a +0 pair of boots (worn)
 k - +0 acid dragon scales
 m - a +0 plate armour of magic resistance (worn)
 s - a +0 cloak (worn)
 w - a +1 pair of gloves (worn)
 F - a +2 scale mail of fire resistance
Magical Staves
 K - an uncursed staff of power
Jewellery
 a - an amulet of harm (around neck)
 j - an uncursed ring of magical power
 o - an uncursed ring of magical power
 t - a +6 ring of strength (right hand)
 G - a cursed ring of attention {unknown}
 P - a ring of poison resistance (left hand)
 S - an uncursed ring of fire
Wands
 J - a wand of polymorph (14)
 M - a wand of iceblast (7)
 O - a wand of acid (22)
 R - a wand of flame (24)
Scrolls
 e - 2 scrolls of amnesia {unknown}
 h - 4 scrolls of identify
 i - 4 scrolls of teleportation
 q - 3 scrolls of magic mapping {unknown}
 r - 4 scrolls of enchant armour {unknown}
 u - 5 scrolls of remove curse {unknown}
 v - 2 scrolls of enchant weapon {unknown}
 y - 3 scrolls of fog {unknown}
 z - a scroll of immolation {unknown}
 B - 3 scrolls of random uselessness {unknown}
 N - a scroll of blinking {unknown}
Potions
 d - 4 potions of degeneration {unknown}
 g - a potion of ambrosia {unknown}
 x - a potion of agility {unknown}
 A - 3 potions of haste
 H - 3 potions of mutation {unknown}
 Q - 3 potions of flight {unknown}
 V - 2 potions of resistance {unknown}
 W - 2 potions of heal wounds
 X - 3 potions of lignification {unknown}
 Y - 3 potions of curing
Comestibles
 c - 12 rations


   Skills:
 + Level 8.3(7.6) Fighting
 + Level 11.7(10.9) Long Blades
 + Level 8.5(7.8) Throwing
 + Level 10.1(9.4) Armour
 + Level 5.4(4.8) Dodging
 + Level 2.5(1.9) Stealth


You had 11 spell levels left.
You didn't know any spells.
Your spell library contained the following spells:

 Spells                   Type           Power        Failure   Level  Hunger
 Infusion                 Chrm           #...         98%         1    ##.....
 Sandblast                Erth           #.....       98%         1    ##.....
 Passwall                 Tmut/Erth      #.......     99%         2    ###....
 Shroud of Golubria       Chrm/Tloc      #.....       99%         2    ###....
 Song of Slaying          Chrm           #.......     99%         2    ###....
 Regeneration             Chrm/Necr      #.........   100%        3    ####...
 Spectral Weapon          Hex/Chrm       #.......     100%        3    ####...
 Stone Arrow              Conj/Erth      #.....       100%        3    ####...
 Petrify                  Tmut/Erth      #.......     100%        4    #####..
 Lee's Rapid Deconstruct  Erth           #.........   100%        5    ######.


Dungeon Overview and Level Annotations

Branches:
Dungeon (11/15)            Temple (0/1) D:7            Lair (0/6) D:9
    Orc: D:9-12

Altars:
Cheibriados
Dithmenos
Hepliaklqana
Kikubaaqudgha
Sif Muna
Trog
Vehumet
Zin

Shops:
D:5 :   D:8 [[!:%

Annotations:
D:11 1 transporter


Message History

The fire dragon bites you!
The fire dragon claws you but does no damage.
The fire dragon barely misses you.
You hit the fire dragon.
The fire dragon is severely wounded.
You slash the fire dragon!
The fire dragon is almost dead.
The fire dragon bites you!
* * * LOW HITPOINT WARNING * * *
The fire dragon claws you.
* * * LOW HITPOINT WARNING * * *
The fire dragon barely misses you.
You hit the fire dragon.
The fire dragon is almost dead.
You feel the effects of Trog's Hand fading.
You hit the fire dragon.
The fire dragon is almost dead.
The fire dragon breathes flames at you. The blast of flame hits you!!
You die...

.##..# .( #.#.?.#.# #.# #...
.....# #. #..?|=..##.. #...
####.# #.#.#sC.#.#.# #.## #....#
#...##Q##...# #...
####.########.#....s#.########..#
.###......).##..###5.# .........#
.#........#..##..#HQ## ....#....#
.#........#...###D###.... #<...'
.##(#######.....@.....# ######
.[.........##'###...#.#
.##..#..##.#.)'.#...#
.##........'..#.#...#
.##.########..#.#...# ....#
######...# ....# ....' ##..#
.#.#. ..


You could see a fire dragon, a tengu warrior, a hippogriff, a scorpion and a
quasit.

Vanquished Creatures
  Harold (D:10)
  A hydra (D:8)
  A two-headed ogre (D:11)
  An unseen horror (D:10)
  Pikel (D:8)
  An ugly thing (D:11)
  A cyclops (D:10)
  An elephant (D:9)
  A centaur zombie (D:10)
  3 hippogriffs
  A dream sheep (D:8)
  A wraith (D:11)
  A shadow (D:11)
  A basilisk (D:9)
  15 yaks
  A steam dragon (D:7)
  3 vampire mosquitoes (D:11)
  An acid dragon (D:11)
  7 orc warriors
  2 black bears
  2 ice beasts
  2 sky beasts
  4 phantoms
  4 ogres
  A crocodile (D:9)
  10 centaurs
  7 big kobolds
  A gnoll sergeant (D:5)
  8 bullfrogs
  2 scorpions
  A killer bee (D:9)
  3 wights (D:11)
  4 howler monkeys
  A bullfrog zombie (D:9)
  4 crimson imps
  5 jellies
  5 hounds
  9 orc priests
  6 centaur skeletons
  A bullfrog skeleton (D:5)
  10 orc wizards
  2 iguanas
  5 worker ants
  A statue (D:4)
  2 hound skeletons
  A hound zombie (D:7)
  3 worker ant zombies
  A howler monkey skeleton (D:7)
  8 adders
  10 gnolls (D:5)
  2 oozes
  An adder zombie (D:8)
  2 adder skeletons
  5 worms
  5 leopard geckos
  41 orcs
  A ball python (D:3)
  2 giant cockroaches
  6 goblins
  4 hobgoblins
  3 jackals (D:7)
  20 kobolds
  9 quokkas
  3 bats
  4 frilled lizards
  5 rats
281 creatures vanquished.

Vanquished Creatures (collateral kills)
  A two-headed ogre (D:11)
  2 centaurs (D:11)
  A kobold (D:11)
4 creatures vanquished.

Vanquished Creatures (others)
  A dream sheep (D:8)
  A slave (D:8)
  A human (D:5)
  An orc wizard (D:4)
  An adder (D:8)
  2 orcs (D:7)
  A kobold (D:8)
8 creatures vanquished.

Grand Total: 293 creatures vanquished

Notes
Turn   | Place    | Note
-------+----------+-------------------------------------------
     0 | D:1      | maggai the Human Berserker began the quest for the Orb.
     0 | D:1      | Reached XP level 1. HP: 18/18 MP: 1/1
   350 | D:1      | Reached XP level 2. HP: 13/24 MP: 2/2
  1101 | D:2      | Reached XP level 3. HP: 25/29 MP: 3/3
  1271 | D:2      | You fall into a shaft and drop 2 floors!
  1597 | D:3      | Reached XP level 4. HP: 25/35 MP: 4/4
  1761 | D:3      | Reached skill level 4 in Long Blades
  1761 | D:3      | Reached XP level 5. HP: 23/42 MP: 5/5
  1974 | D:3      | Found a deep blue altar of Sif Muna.
  2407 | D:3      | Noticed an ogre
  2415 | D:3      | Killed an ogre
  2415 | D:3      | Reached skill level 1 in Throwing
  2415 | D:3      | Reached XP level 6. HP: 25/48 MP: 6/6
  2714 | D:3      | Reached ** piety under Trog
  4178 | D:4      | Reached XP level 7. HP: 54/54 MP: 7/7
  4351 | D:4      | Reached skill level 5 in Long Blades
  4675 | D:4      | Found a radiant altar of Vehumet.
  5218 | D:5      | Entered Level 5 of the Dungeon
  5272 | D:5      | Found a bloodstained altar of Trog.
  5314 | D:5      | Found an ancient bone altar of Kikubaaqudgha.
  5315 | D:5      | Noticed a human
  5317 | D:5      | Killed a human
  5346 | D:5      | Reached skill level 1 in Stealth
  5380 | D:5      | Found Etiyriep's Book Emporium.
  5404 | D:5      | Reached XP level 8. HP: 37/61 MP: 8/8
  5621 | D:5      | Reached skill level 6 in Long Blades
  5660 | D:5      | Reached skill level 5 in Fighting
  6347 | D:5      | Reached XP level 9. HP: 52/68 MP: 9/9
  6569 | D:6      | Reached skill level 5 in Armour
  6750 | D:6      | Reached skill level 7 in Long Blades
  7326 | D:7      | Found a staircase to the Ecumenical Temple.
  7467 | D:7      | Found a glowing silver altar of Zin.
  7617 | D:7      | Reached skill level 5 in Throwing
  7975 | D:7      | Noticed a hippogriff
  7992 | D:7      | Killed a hippogriff
  8044 | D:7      | Reached skill level 8 in Long Blades
  8346 | D:7      | Reached *** piety under Trog
  8371 | D:7      | Reached XP level 10. HP: 75/76 MP: 10/10
  8671 | D:8      | Found Tasalez's Book Emporium.
  8755 | D:8      | Found Xawnapho's Food Emporium.
  8764 | D:8      | Noticed Pikel
  8800 | D:8      | Killed Pikel
  9263 | D:8      | Found Kaoniliv's Armour Shoppe.
  9301 | D:8      | Found Ninwolef's Armour Emporium.
  9428 | D:8      | Found Oraawn's Distillery.
  9431 | D:8      | Bought a potion of heal wounds for 70 gold pieces
  9668 | D:8      | Found a hazy altar of Hepliaklqana.
 10013 | D:8      | Noticed a three-headed hydra
 10021 | D:8      | Killed a one-headed hydra
 10021 | D:8      | Reached skill level 9 in Long Blades
 10058 | D:9      | Found a snail-covered altar of Cheibriados.
 10919 | D:9      | Found a staircase to the Lair.
 10919 | D:9      | Noticed an elephant
 10932 | D:9      | Killed an elephant
 10932 | D:9      | Reached XP level 11. HP: 83/83 MP: 11/11
 11416 | D:9      | Found a shadowy altar of Dithmenos.
 11765 | D:10     | Entered Level 10 of the Dungeon
 12060 | D:10     | Reached skill level 10 in Long Blades
 12303 | D:10     | Noticed a cyclops
 12305 | D:10     | Reached skill level 5 in Dodging
 12335 | D:10     | Killed a cyclops
 12671 | D:10     | Noticed Harold
 12703 | D:10     | Killed Harold
 13176 | D:10     | Killed an unseen horror
 13427 | D:11     | Found a transporter.
 13452 | D:11     | Reached XP level 12. HP: 92/92 MP: 12/12
 13455 | D:11     | Reached **** piety under Trog
 13462 | D:11     | Noticed a two-headed ogre
 13480 | D:11     | Killed a two-headed ogre
 13480 | D:11     | Reached skill level 11 in Long Blades
 14425 | D:11     | Noticed a two-headed ogre
 14442 | D:11     | Killed a two-headed ogre
 14447 | D:11     | Reached skill level 10 in Armour
 14842 | D:11     | Identified the +1 morningstar "Zapt" {crush, rPois Dex+4}
 14842 | D:11     | Identified the +8 shortbow "Fuxaumen" {velocity, rF+ MR+
                  | Str-4 Int+3}
 15428 | D:11     | Noticed a tengu warrior
 15432 | D:11     | Noticed a fire dragon
 15466 | D:11     | Killed from afar by a fire dragon

Levels and vault maps discovered:
D:1:      lemuel_arrival_muddy, layout_loops_ring,
          minmay_misc_feat_secret_circle
D:2:      layout_loops_corners, first_ration, minmay_tetromino_o2
D:3:      layout_loops_ring, lemuel_doored_altar
D:4:      minmay_inner_zag, layout_basic, vehumet_statue, kennysheep_path_1,
          chequers_hall_statues_y, grunt_decor_cap
D:5:      layout_rooms, marbit_many_paths, serial_shops,
          nicolae_shop_waterfront, grunt_ministairs_3, tgw_kikubaaqudgha
D:6:      layout_loops_ring
D:7:      layout_gridville, overflow_temple_1_default, temple_statues
D:8:      layout_gridville, overflow_temple_1_default, serial_shops, shop, shop,
          kennysheep_mini, shop, shop, hangedman_abyss_or_decor_stabs,
          hangedman_ranch [blue_anna_fruit_fields], uniq_pikel
D:9:      kennysheep_six_static_rooms, layout_basic,
          nicolae_overflow_hidden_temple, david_lair_generic, basic_altar,
          nicolae_underground_beach
D:10:     layout_roguey, uniq_harold
D:11:     minmay_the_grid_octo_tiled_squarecenter
          [minmay_the_grid_octo_fat_diamond, minmay_the_grid_octo_focus,
          minmay_the_grid_octo_horde, minmay_the_grid_octo_pinwheel,
          minmay_the_grid_square_5x5_megaprize_crossed,
          minmay_the_grid_square_5x5_trominoes,
          minmay_the_grid_square_5x5_six_small, minmay_the_grid_square_5x5_two,
          minmay_the_grid_square_5x5_tie], layout_stronghold,
          gammafunk_ghost_mausoleum, minivault_22

Skill      XL: |  1  2  3  4  5  6  7  8  9 10 11 12 |
---------------+-------------------------------------+-----
Long Blades    | 4 5 6 8 9 10 11 | 11.7
Fighting       | 4 5 6 7 8 |  8.3
Throwing       | 1 2 3 5 6 8 |  8.5
Armour         | 3 4 6 8 9 10 | 10.1
Dodging        | 3 4 5 |  5.4
Stealth        | 1 2 |  2.5

Action                   |  1- 3 |  4- 6 |  7- 9 | 10-12 || total
-------------------------+-------+-------+-------+-------++-------
Melee: Falchion          |    39 |   188 |   433 |   611 ||  1271
Throw: Stone             |     7 |   146 |   215 |   257 ||   625
       Javelin           |       |       |    11 |     6 ||    17
Invok: Berserk           |     1 |     2 |     6 |     5 ||    14
       Trog's Hand       |       |       |    12 |     8 ||    20
       Brothers in Arms  |       |       |       |     1 ||     1
  Use: Scroll            |       |       |     9 |     4 ||    13
       Potion            |       |       |     1 |       ||     1
 Stab: Distracted        |       |       |       |     1 ||     1
  Eat: Chunk             |     1 |     3 |     3 |     7 ||    14
       Ration            |       |     3 |     6 |     7 ||    16
Armor: Animal skin       |     3 |       |       |       ||     3
       Ring mail         |    10 |    57 |   104 |       ||   171
       Leather armour    |     4 |       |       |       ||     4
       Chain mail        |       |       |    78 |   271 ||   349
       Scale mail        |       |       |    28 |       ||    28
       Plate armour      |       |       |       |    64 ||    64
       Acid dragon scale |       |       |       |    13 ||    13
Dodge: Dodged            |    29 |   132 |   271 |   301 ||   733
       Rpst.: Falchion   |     5 |    40 |    71 |    79 ||   195

Table legend:
 A = Non-vault XP
 B = Vault XP
 C = Vault XP percentage of total XP
 D = Non-vault monster count
 E = Vault monster count
 F = Vault count percentage of total count
                 A         B        C        D         E       F
            +---------+---------+-------+---------+---------+-------
      Total |   13927 |    8473 |  37.8 |     240 |      46 |  16.1
            +---------+---------+-------+---------+---------+-------
        D:1 |      15 |       0 |   0.0 |       7 |       0 |   0.0
        D:2 |      53 |       3 |   5.4 |      14 |       2 |  12.5
        D:3 |     267 |       0 |   0.0 |      26 |       0 |   0.0
        D:4 |     506 |      50 |   9.0 |      28 |       3 |   9.7
        D:5 |     963 |     140 |  12.7 |      27 |       3 |  10.0
        D:6 |     644 |       0 |   0.0 |      19 |       0 |   0.0
        D:7 |    1278 |       0 |   0.0 |      26 |       0 |   0.0
        D:8 |     494 |    2514 |  83.6 |      13 |       8 |  38.1
        D:9 |     584 |    1476 |  71.7 |      12 |      10 |  45.5
       D:10 |    4901 |    1007 |  17.0 |      35 |       1 |   2.8
       D:11 |    4222 |    3283 |  43.7 |      33 |      19 |  36.5
            +---------+---------+-------+---------+---------+-------
